 Dungeon Crawl Stone Soup version 0.25.0-8-gfd19cd77bd (webtiles) character file.

Game seed: 15472935310346777950

284 Froggeryz the Shooter (level 6, 0/75 HPs)
             Began as a Gnoll Wanderer on June 16, 2020.
             Was a Follower of Okawaru.
             Succumbed to a worker ant's poison
             ... on level 4 of the Dungeon.
             The game lasted 00:05:49 (3227 turns).

Froggeryz the Shooter (Gnoll Wanderer)              Turns: 3227, Time: 00:05:49

Health: 0/75       AC: 23    Str: 17    XL:     6   Next: 29%
Magic:  11/11      EV:  2    Int: 13    God:    Okawaru [*.....]
Gold:   179        SH:  0    Dex: 15    Spells: 11/11 levels left

rFire    . . .     SeeInvis .   l - +2 short sword (drain)
rCold    . . .     Gourm    .   (no shield)
rNeg     + + +     Faith    .   (armour currently unavailable)
rPois    +         Spirit   .   (helmet currently unavailable)
rElec    .         Reflect  .   (cloak currently unavailable)
rCorr    +         Harm     .   (gloves currently unavailable)
MR       .....     NoTele   +   (boots currently unavailable)
Stlth    ++........             (no amulet)
HPRegen  0.22/turn              p - ring of resist corrosion
MPRegen  0.12/turn              (no ring)

@: lethally poisoned (0 -> -8), tree-form, stab
A: distributed training, strong nose
a: Heroism, Renounce Religion


You were on level 4 of the Dungeon.
You worshipped Okawaru.
Okawaru was aware of your devotion.
You were hungry.
You were a tree.
You visited 1 branch of the dungeon, and saw 4 of its levels.

You collected 179 gold pieces.

Inventory:

Hand Weapons
 a - a +2 shortbow
 h - a +0 mace
 i - a +2 dagger of holy wrath
 l - a +2 short sword of draining (weapon)
 r - a +0 hunting sling
Missiles
 b - 72 arrows
 s - 13 sling bullets
Armour
 e - a +0 robe (melded)
 k - a +0 pair of boots (melded)
 u - a +0 helmet (melded)
Jewellery
 p - a ring of resist corrosion (left branch)
Wands
 d - a wand of random effects (14)
 v - a wand of clouds (4)
Scrolls
 j - 9 scrolls of identify
 m - a scroll of fog {unknown}
 n - 3 scrolls of teleportation
 o - 2 scrolls of magic mapping {unknown}
Potions
 c - a potion of lignification
Comestibles
 f - 4 rations


   Skills:
 + Level 4.9 Fighting
 + Level 1.8 Short Blades
 + Level 1.8 Long Blades
 + Level 1.8 Axes
 + Level 1.8 Maces & Flails
 + Level 1.8 Polearms
 + Level 1.8 Staves
 + Level 1.8 Slings
 + Level 4.9 Bows
 + Level 1.8 Crossbows
 + Level 3.2 Throwing
 + Level 3.2 Armour
 + Level 1.8 Dodging
 + Level 1.8 Stealth
 + Level 1.8 Shields
 + Level 1.8 Unarmed Combat
 + Level 3.3 Spellcasting
 + Level 1.4 Conjurations
 + Level 1.4 Hexes
 + Level 2.6 Charms
 + Level 1.4 Summonings
 + Level 2.6 Necromancy
 + Level 1.4 Translocations
 + Level 1.4 Transmutations
 + Level 1.4 Fire Magic
 + Level 1.4 Ice Magic
 + Level 1.4 Air Magic
 + Level 1.4 Earth Magic
 + Level 1.4 Poison Magic
 + Level 2.0 Invocations
 + Level 3.2 Evocations


You had 11 spell levels left.
You didn't know any spells.
Your spell library was empty.

Dungeon Overview and Level Annotations

Branches:
Dungeon (4/15)
 Temple: D:4-7

Altars:
Okawaru
Xom


Innate Abilities, Weirdness & Mutations

Your experience applies equally to all skills.
((You have very sharp teeth.))
Your uncanny sense of smell can sniff out nearby items.


Message History

The worker ant bites you but does no damage.
It was a potion of cancellation.
You feel magically purged.
* * * LOW HITPOINT WARNING * * *
You feel sick. The worker ant bites you.
* * * LOW HITPOINT WARNING * * *
The worker ant bites you!
* * * LOW HITPOINT WARNING * * *
It was a potion of stabbing.
You feel ready to backstab.
* * * LOW HITPOINT WARNING * * *
You feel sick. The worker ant misses you.
Really quaff the potion of lignification?
You turn into a tree.
Your +0 helmet melds into your body.
Your +0 pair of boots melds into your body.
Your +0 robe melds into your body.
Your roots penetrate the ground.
* * * LOW HITPOINT WARNING * * *
You feel sick.
The worker ant bites you but does no damage.
You barely miss the worker ant.
You die...

... .o....####
... #÷......#
.... #.$.....#
.....##.......#
....)#.....####
..........##
........###
.......a)#
..#.....♣# .
##...)[#
#.......
.........#
...........
.##........#
....#....##
..####.#.#


You could see a worker ant.

Vanquished Creatures
  A scorpion (D:4)
  2 orc wizards (D:3)
  A worker ant (D:4)
  A hound skeleton (D:3)
  Robin (D:3)
  3 adders (D:2)
  An ooze (D:3)
  A worm (D:3)
  4 dart slugs
  2 leopard geckos (D:1)
  4 orcs
  3 giant cockroaches
  11 goblins
  12 hobgoblins
  7 jackals
  4 kobolds
  4 quokkas
  A ball python (D:3)
  13 bats
  8 frilled lizards
  6 rats
90 creatures vanquished.

Notes
Turn   | Place    | Note
-------+----------+-------------------------------------------
     0 | D:1      | Froggeryz the Gnoll Wanderer began the quest for the Orb.
     0 | D:1      | Froggeryz set off with the following items: a +2 shortbow,
                  | 21 arrows, a potion of lignification, a wand of random
                  | effects (15), a +0 robe, a ration
     0 | D:1      | Reached XP level 1. HP: 20/20 MP: 4/4
   167 | D:1      | Reached XP level 2. HP: 20/26 MP: 5/5
   562 | D:1      | Reached XP level 3. HP: 27/31 MP: 7/7
   874 | D:2      | Reached skill level 1 in Invocations
   900 | D:2      | Reached skill level 1 in Short Blades
   900 | D:2      | Reached skill level 1 in Long Blades
   900 | D:2      | Reached skill level 1 in Axes
   900 | D:2      | Reached skill level 1 in Maces & Flails
   900 | D:2      | Reached skill level 1 in Polearms
   900 | D:2      | Reached skill level 1 in Staves
   900 | D:2      | Reached skill level 1 in Slings
   900 | D:2      | Reached skill level 1 in Crossbows
   900 | D:2      | Reached skill level 1 in Dodging
   900 | D:2      | Reached skill level 1 in Stealth
   900 | D:2      | Reached skill level 1 in Shields
   900 | D:2      | Reached skill level 1 in Unarmed Combat
   941 | D:2      | Reached XP level 4. HP: 29/38 MP: 8/8
  1269 | D:2      | Found a faded altar of an unknown god.
  1352 | D:2      | Found a shimmering altar of Xom.
  1467 | D:2      | Became a worshipper of Warmaster Okawaru
  1467 | D:2      | Reached * piety under Okawaru
  1805 | D:3      | Reached skill level 1 in Conjurations
  1805 | D:3      | Reached skill level 1 in Hexes
  1805 | D:3      | Reached skill level 1 in Summonings
  1805 | D:3      | Reached skill level 1 in Translocations
  1805 | D:3      | Reached skill level 1 in Transmutations
  1805 | D:3      | Reached skill level 1 in Fire Magic
  1805 | D:3      | Reached skill level 1 in Ice Magic
  1805 | D:3      | Reached skill level 1 in Air Magic
  1805 | D:3      | Reached skill level 1 in Earth Magic
  1805 | D:3      | Reached skill level 1 in Poison Magic
  2075 | D:3      | Reached XP level 5. HP: 40/43 MP: 9/9
  2147 | D:3      | Noticed Robin
  2427 | D:3      | Killed Robin
  2873 | D:4      | Reached XP level 6. HP: 44/50 MP: 10/10
  3224 | D:4      | HP: 2/50 [worker ant (8)]
  3227 | D:4      | Succumbed to a worker ant's poison

Illustrated notes

Levels and vault maps discovered:
D:1:      nagdon_arrival_double_spiral, layout_basic
D:2:      layout_loops_ring, chequers_ecumenical_altar_lobes,
          lemuel_statue_altar
D:3:      layout_loops_corners, serial_bayou_pond_b, uniq_robin
D:4:      layout_cave_pools, ashenzari_altar_1, lemuel_crystal_altar,
          kennysheep_little_box, kennysheep_mini, nicolae_ossuary_entry_ruins,
          serial_shops, shop_fountains, minmay_manual_monolith

Skill      XL: |  1  2  3  4  5  6 |
---------------+-------------------+-----
Charms         | 2 |  2.6
Necromancy     | 2 |  2.6
Invocations    | 1 2 |  2.0
Short Blades   | 1 |  1.8
Long Blades    | 1 |  1.8
Axes           | 1 |  1.8
Maces & Flails | 1 |  1.8
Polearms       | 1 |  1.8
Staves         | 1 |  1.8
Slings         | 1 |  1.8
Crossbows      | 1 |  1.8
Dodging        | 1 |  1.8
Stealth        | 1 |  1.8
Shields        | 1 |  1.8
Unarmed Combat | 1 |  1.8
Spellcasting   | 3 |  3.3
Conjurations   | 1 |  1.4
Hexes          | 1 |  1.4
Summonings     | 1 |  1.4
Translocations | 1 |  1.4
Transmutations | 1 |  1.4
Fire Magic     | 1 |  1.4
Ice Magic      | 1 |  1.4
Air Magic      | 1 |  1.4
Earth Magic    | 1 |  1.4
Poison Magic   | 1 |  1.4
Throwing       | 3 |  3.2
Armour         | 3 |  3.2
Evocations     | 3 |  3.2
Fighting       | |  4.9
Bows           | |  4.9

Action                   |  1- 3 |  4- 6 || total
-------------------------+-------+-------++-------
Melee: Mace              |    62 |    99 ||   161
       Bite              |     5 |     7 ||    12
       Short sword       |       |    67 ||    67
       Punch             |       |     1 ||     1
 Fire: Shortbow          |    14 |     1 ||    15
       Hunting sling     |       |    26 ||    26
Evoke: Wand              |       |     2 ||     2
  Use: Scroll            |       |     2 ||     2
       Potion            |       |     4 ||     4
 Stab: Sleeping          |     5 |     5 ||    10
  Eat: Chunk             |       |     7 ||     7
Armor: Robe              |    37 |    73 ||   110
       Skin              |       |     1 ||     1
Dodge: Dodged            |    51 |   142 ||   193
